 Dungeon Crawl Stone Soup version 0.19.5 (webtiles) character file.

24312 Inchmeat the Warrior (level 13, -1/104 HPs)
             Began as a Gargoyle Monk on May 8, 2017.
             Was a High Priest of Okawaru.
             Slain by a wolf spider (9 damage)
             ... on level 4 of the Lair of Beasts on May 9, 2017.
             The game lasted 01:02:37 (15532 turns).

Inchmeat the Warrior (Gargoyle Monk)               Turns: 15532, Time: 01:02:38

Health: -1/104     AC: 19    Str: 21    XL:     13   Next: 12%
Magic:  0/22       EV: 11    Int: 15    God:    Okawaru [*****.]
Gold:   785        SH:  0    Dex: 12    Spells: 1 memorised, 9 levels left

rFire  . . .     SeeInvis .     W - +4 dire flail (flame) (curse)
rCold  . . .     Gourm    .     O - +1 ring mail "Xatat" {+Inv MP+9}
rNeg   + . .     Faith    .     (shield currently unavailable)
rPois  ∞         Spirit   +     o - +0 helmet
rElec  +         Reflect  .     n - +2 cloak
rCorr  +         Harm     .     (no gloves)
MR     .....                    (no boots)
Stlth  ..........               r - amulet of guardian spirit
                                j - ring of Ehio {+Fly rElec Int+3}
                                C - ring of resist corrosion

@: confused, very slightly contaminated, hasted, invisible, very quick
A: clever 1, negative energy resistance 1, robust 1, electricity resistance,
unbreathing, petrification resistance, rot immunity, AC +9
a: Heroism, Finesse, Renounce Religion, Evoke Flight


You were on level 4 of the Lair of Beasts.
You worshipped Okawaru.
Okawaru was extremely pleased with you.
You were not hungry.

You visited 4 branches of the dungeon, and saw 16 of its levels.
You also visited: Ossuary.

You collected 785 gold pieces.

Inventory:

Hand Weapons
 f - a +3 mace of protection
 W - a cursed +4 dire flail of flaming (weapon)
 Y - a +0 hand crossbow
Missiles
 Z - 29 bolts (quivered)
Armour
 n - a +2 cloak (worn)
 o - a +0 helmet (worn)
 D - a +2 robe of magic resistance
 O - the +1 ring mail "Xatat" (worn) {+Inv MP+9}
   (You found it on level 8 of the Dungeon)

   It affects your magic capacity (+9).
   It lets you turn invisible.
Jewellery
 b - an uncursed ring of ice
 j - the ring of Ehio (right hand) {+Fly rElec Int+3}
   (You found it on level 4 of the Lair of Beasts)

   [ring of flight]

   It affects your intelligence (+3).
   It insulates you from electricity.
   It lets you fly.
 r - an amulet of guardian spirit (around neck)
 w - an uncursed ring of fire
 C - a ring of resist corrosion (left hand)
 N - an uncursed amulet of regeneration
 T - an uncursed ring of fire
Wands
 a - a wand of acid (6/15)
 u - a wand of iceblast (12/15)
 R - a wand of acid (9/15)
 V - a wand of digging (15/24)
Scrolls
 d - a scroll of identify
 g - 2 scrolls of immolation
 i - 6 scrolls of remove curse
 s - a scroll of brand weapon
 v - 2 scrolls of magic mapping
 y - a scroll of teleportation
 A - 4 scrolls of amnesia
 B - a scroll of fear
 H - a scroll of fog
 U - 3 scrolls of enchant armour
 X - a scroll of recharging
Potions
 e - 3 potions of magic
 m - a potion of cancellation
 p - 7 potions of flight
 t - 5 potions of haste
 x - a potion of resistance
 G - 2 potions of berserk rage
 J - a potion of cure mutation
 L - 4 potions of brilliance
Books
 M - a book of Battle

   Spells                             Type                      Level
   a - Infusion                       Charms                       1
   b - Shroud of Golubria             Charms/Translocation         2
   c - Song of Slaying                Charms                       2
   d - Spectral Weapon                Hexes/Charms                 3
   e - Regeneration                   Charms/Necromancy            3
 P - a book of Geomancy

   Spells                             Type                      Level
   a - Sandblast                      Earth                        1
   b - Passwall                       Transmutation/Earth          2
   c - Stone Arrow                    Conjuration/Earth            3
   d - Petrify                        Transmutation/Earth          4
   e - Lee's Rapid Deconstruction     Earth                        5
Comestibles
 c - 10 bread rations
 l - 5 meat rations
 E - 17 fruits
 F - 9 beef jerkies
 S - a royal jelly


   Skills:
 * Level 16.6 Fighting
 - Level 14.4 Maces & Flails
 - Level 2.4 Dodging
 - Level 2.1 Stealth
 - Level 1.3 Earth Magic
 - Level 1.0 Invocations


You had 9 spell levels left.
You knew the following spells:

 Your Spells              Type           Power        Failure   Level  Hunger
a - Stone Arrow           Conj/Erth      #.....       91%         3    ####...


Dungeon Overview and Level Annotations

Branches:
Dungeon (10/15)            Temple (1/1) D:5            Lair (4/6) D:10
 Shoals (0/4) Lair:3       Spider (1/4) Lair:4
    Orc: D:9-12

Altars:
Ashenzari
Cheibriados
Dithmenos
Elyvilon
Fedhas
Gozag
Hepliaklqana
Kikubaaqudgha
Makhleb
Nemelex Xobeh
Okawaru
Qazlal
Ru
Sif Muna
Trog
Uskayaw
Vehumet
Xom
Yredelemnul
Zin
The Shining One

Shops:
D:5 (

Annotations:
D:3 exclusion: oklob plant
D:10 Psyche


Innate Abilities, Weirdness & Mutations

You are resistant to torment.
Your stone body is resilient. (AC +9)
You are immune to poison.
You resist negative energy. (rN+)
You are resistant to electric shocks. (rElec)
You can survive without breathing.
You are immune to petrification.
You are immune to rotting.
Your mind is acute. (Int +2)
You are robust. (+10% HP)


Message History

You feel yourself speed up.
The wolf spider hits you but does no damage.
The wolf spider bites you but does no damage.
The redback bites you!
* * * LOW HITPOINT WARNING * * *
The tarantella bites you but does no damage.
The wolf spider hits you but does no damage.
The wolf spider bites you but does no damage.
You disentangle yourself.
The wolf spider barely misses you.
The wolf spider bites you but does no damage.
The redback barely misses you. The tarantella closely misses you.
The wolf spider barely misses you.
The wolf spider bites you but does no damage.
The wolf spider barely misses you.
The wolf spider bites you but does no damage.
You're too confused to move!
The redback closely misses you. The tarantella barely misses you.
The wolf spider hits you but does no damage.
The wolf spider misses you. The wolf spider hits you!
You die...

..............^........##......##
........................#......##
...............##...............#
.†...#.........##........##.....#
...P#.........##.#.......##......
....###...#...###%........#.#....
....# ##.......######.......##...
.#### #........ss###P........#..≈
..# ##..)..##^.@s^##......[..≈≈≈
.## #.#.....##^^s^.##.......≈≈≈≈
.# ##.......##^^^^.###...≈.≈≈≈≈
## ###......#.^....##.P≈≈.≈≈≈.
##......###..>.#####P≈≈≈≈.
#.......# ##....# ##.≈≈≈≈
##......# ###### ##≈≈≈≈≈
##.....## #≈.≈≈≈≈ #......#
###≈≈≈≈


You could see 2 wolf spiders, a tarantella and a redback.

Vanquished Creatures
  3 hydras
  A hill giant (D:10)
  Pikel (D:6)
  A wolf spider (Lair:4)
  An ugly thing (D:9)
  Maurice (D:10)
  3 elephants (Lair:3)
  Joseph (Lair:1)
  A black mamba (Lair:3)
  A spiny frog (Lair:1)
  2 rime drakes (Lair:3)
  4 komodo dragons
  2 polar bears (Lair:4)
  2 hornets
  A two-headed ogre (D:10)
  12 blink frogs
  9 hippogriffs
  Sigmund (D:5)
  4 redbacks (Lair:4)
  15 yaks
  A wyvern (Lair:1)
  Eustachio (D:5)
  A basilisk (Lair:1)
  5 water moccasins
  3 porcupines
  5 orc warriors
  2 ice beasts
  2 sky beasts
  A hornet zombie (D:10)
  8 necrophages
  A phantom (D:9)
  4 wolves (Lair:4)
  6 centaurs
  11 ogres
  3 crocodiles
  14 bullfrogs
  A water moccasin zombie (D:10)
  3 scorpions
  6 killer bees (D:7)
  9 wights
  3 howler monkeys (D:7)
  3 bullfrog zombies
  3 crimson imps
  2 centaur zombies (D:9)
  5 centaur skeletons
  4 hounds
  11 orc priests
  15 orc wizards
  2 iguanas
  5 worker ants
  11 mummies (Ossuary)
  2 hound zombies
  A worker ant zombie (D:8)
  3 gnolls (D:10)
  16 adders
  2 shadow imps (D:9)
  An ooze (D:1)
  An adder zombie (D:8)
  3 worms
  5 leopard geckos
  57 orcs
  8 bats
  6 giant cockroaches
  14 goblins
  6 hobgoblins
  13 jackals
  9 quokkas
  4 ball pythons
  3 frilled lizards
  4 gnoll skeletons (Ossuary)
  2 goblin skeletons (Ossuary)
  14 kobolds
  2 kobold skeletons (Ossuary)
  A quokka skeleton (D:4)
  10 rats
  11 rat skeletons (Ossuary)
415 creatures vanquished.

Vanquished Creatures (others)
  3 slaves (D:6)
  An orc priest (D:6)
  An adder (D:6)
  A shadow imp (D:6)
  An orc (D:6)
  2 plants
  2 withered plants (D:9)
11 creatures vanquished.

Grand Total: 426 creatures vanquished

Notes
Turn   | Place    | Note
-------+----------+-------------------------------------------
     0 | D:1      | Inchmeat the Gargoyle Monk began the quest for the Orb.
     0 | D:1      | Reached XP level 1. HP: 14/14 MP: 1/1
   269 | D:1      | You fall through a shaft!
   337 | D:2      | Reached XP level 2. HP: 19/19 MP: 2/2
   381 | D:2      | Found a hazy altar of Hepliaklqana.
   757 | D:1      | Reached XP level 3. HP: 23/23 MP: 3/3
  1673 | D:2      | Reached XP level 4. HP: 21/28 MP: 4/4
  1688 | D:2      | Found a deep blue altar of Sif Muna.
  1903 | D:2      | Found a shimmering altar of Xom.
  1905 | D:2      | Found a burning altar of Makhleb.
  1905 | D:2      | Found a sacrificial altar of Ru.
  1908 | D:2      | Found a glowing silver altar of Zin.
  1908 | D:2      | Found a bloodstained altar of Trog.
  1908 | D:2      | Found a white marble altar of Elyvilon.
  1988 | D:3      | Reached skill level 5 in Maces & Flails
  2172 | D:3      | Reached XP level 5. HP: 20/32 MP: 3/5
  2397 | D:3      | Found a shadowy altar of Dithmenos.
  2416 | D:3      | Found a sparkling altar of Nemelex Xobeh.
  3191 | D:3      | Found a blossoming altar of Fedhas.
  3213 | D:3      | Noticed an oklob plant
  3492 | D:4      | Reached XP level 6. HP: 37/37 MP: 6/6
  3830 | D:4      | Found a glowing silver altar of Zin.
  3830 | D:4      | Found a stormy altar of Qazlal.
  3906 | D:4      | Found a sand-covered staircase.
  3919 | Ossuary  | Entered an ossuary
  4068 | Ossuary  | Reached XP level 7. HP: 40/41 MP: 5/7
  4558 | D:5      | Entered Level 5 of the Dungeon
  4562 | D:5      | Noticed Sigmund
  4598 | D:5      | Killed Sigmund
  4755 | D:5      | Reached XP level 8. HP: 46/46 MP: 8/8
  4970 | D:5      | Found a staircase to the Ecumenical Temple.
  4971 | D:5      | Noticed Eustachio
  4987 | D:5      | Killed Eustachio
  4987 | D:5      | Reached skill level 10 in Maces & Flails
  4992 | Temple   | Entered the Ecumenical Temple
  5077 | Temple   | Became a worshipper of Warmaster Okawaru
  5077 | Temple   | Reached * piety under Okawaru
  5077 | Temple   | Reached ** piety under Okawaru
  5244 | D:5      | Found Lecliopo's Weapon Shoppe.
  5564 | D:6      | Noticed a hornet
  5594 | D:6      | Killed a hornet
  5881 | D:6      | Reached XP level 9. HP: 51/51 MP: 9/9
  5972 | D:6      | Found a sacrificial altar of Ru.
  6065 | D:6      | Found a bloodstained altar of Trog.
  6354 | D:6      | Noticed Pikel
  6365 | D:6      | Killed Pikel
  6365 | D:6      | Reached *** piety under Okawaru
  7786 | D:7      | Reached XP level 10. HP: 56/56 MP: 10/10
  7836 | D:7      | Reached **** piety under Okawaru
  7852 | D:7      | Found a burning altar of Makhleb.
  8065 | D:7      | Found a glowing golden altar of the Shining One.
  8220 | D:7      | Gained mutation: Your mind is acute. (Int +2) [potion of beneficial mutation]
  8741 | D:8      | Found a hide-covered altar of Uskayaw.
  8785 | D:8      | Got a faintly glowing ring mail
  8796 | D:8      | Identified the +1 ring mail "Xatat" {+Inv MP+9} (You found it on level 8 of the Dungeon)
  8867 | D:8      | Reached skill level 1 in Invocations
  8936 | D:8      | Learned a level 3 spell: Stone Arrow
  9069 | D:8      | Reached skill level 4 in Fighting
  9290 | D:8      | Reached skill level 1 in Earth Magic
  9322 | D:8      | Reached skill level 5 in Fighting
  9531 | D:9      | Reached skill level 6 in Fighting
  9682 | D:9      | Reached ***** piety under Okawaru
  9703 | D:9      | Noticed a cyan ugly thing
  9965 | D:9      | Reached skill level 7 in Fighting
 10160 | D:9      | Reached XP level 11. HP: 62/68 MP: 11/11
 10174 | D:9      | Reached skill level 8 in Fighting
 10273 | D:9      | Received a gift from Okawaru
 10274 | D:9      | Got a heavily runed chain mail {god gift}
 10285 | D:9      | Identified the +1 chain mail of Okawaru's Favour {rPois MR+++ MP-9 Str-5} (Okawaru gifted it to you on level 9 of the Dungeon)
 10316 | D:9      | Killed a cyan ugly thing
 10316 | D:9      | Reached skill level 9 in Fighting
 10542 | D:10     | Entered Level 10 of the Dungeon
 10691 | D:10     | Reached skill level 10 in Fighting
 10838 | D:10     | Found a staircase to the Lair.
 10838 | D:10     | Noticed Maurice
 10892 | D:10     | Killed Maurice
 11153 | D:10     | Noticed Psyche
 11400 | D:10     | Reached skill level 11 in Fighting
 11505 | D:10     | Noticed a hill giant
 11531 | D:10     | Killed a hill giant
 11675 | Lair:1   | Entered Level 1 of the Lair of Beasts
 11720 | Lair:1   | Gained mutation: You are robust. (+10% HP) [potion of beneficial mutation]
 11723 | Lair:1   | Noticed Joseph
 11733 | Lair:1   | Killed Joseph
 11766 | Lair:1   | Reached skill level 12 in Fighting
 12197 | Lair:1   | Noticed a five-headed hydra
 12206 | Lair:1   | Killed a five-headed hydra
 12206 | Lair:1   | Reached XP level 12. HP: 37/90 MP: 7/12
 12317 | Lair:1   | Reached skill level 13 in Fighting
 12761 | Lair:2   | Noticed a four-headed hydra
 12769 | Lair:2   | Killed a four-headed hydra
 13139 | Lair:2   | Received a gift from Okawaru
 13139 | Lair:2   | Reached skill level 14 in Fighting
 13595 | Lair:3   | Found a staircase to the Shoals.
 13894 | Lair:3   | Reached skill level 15 in Fighting
 14009 | Lair:3   | Noticed a seven-headed hydra
 14259 | Lair:2   | Killed a seven-headed hydra
 14703 | Lair:4   | Reached skill level 16 in Fighting
 14885 | Lair:4   | Reached XP level 13. HP: 102/102 MP: 13/13
 15044 | Lair:4   | Got a sparkling lapis lazuli ring
 15083 | Lair:4   | Identified the ring of Ehio {+Fly rElec Int+3} (You found it on level 4 of the Lair of Beasts)
 15249 | Lair:4   | Found a hole to the Spider Nest.
 15485 | Spider:1 | Entered Level 1 of the Spider Nest
 15532 | Lair:4   | Slain by a wolf spider

Skill      XL: |  1  2  3  4  5  6  7  8  9 10 11 12 |
---------------+-------------------------------------+-----
Maces & Flails | 4 5 6 7 9 11 13 14 | 14.4
Invocations    | 1 |  1.0
Fighting       | 7 12 16 | 16.6
Earth Magic    | 1 |  1.3
Dodging        | |  2.4
Stealth        | |  2.1

Action                   |  1- 3 |  4- 6 |  7- 9 | 10-12 | 13-15 || total
-------------------------+-------+-------+-------+-------+-------++-------
Melee: Whip              |    47 |       |    46 |       |       ||    93
       Mace              |    77 |   276 |   452 |   375 |       ||  1180
       Dire flail        |       |       |       |   518 |    48 ||   566
Invok: Heroism           |       |       |     3 |     7 |     1 ||    11
 Abil: Evoke Berserk Rag |       |     1 |       |       |       ||     1
  Use: Potion            |     2 |     5 |     5 |     3 |     4 ||    19
       Scroll            |     2 |     4 |     9 |    20 |       ||    35
 Stab: Sleeping          |     4 |     8 |     3 |     5 |       ||    20
       Distracted        |       |       |     1 |     1 |       ||     2
       Paralysed         |       |       |     2 |       |       ||     2
  Eat: Chunk             |     2 |     5 |    12 |    18 |     1 ||    38
       Meat ration       |       |     1 |       |     1 |       ||     2
       Bread ration      |       |       |       |       |     1 ||     1
Armor: Robe              |    44 |   121 |   185 |    36 |       ||   386
       Skin              |       |    63 |       |       |       ||    63
       Ring mail         |       |       |       |   337 |    58 ||   395
Dodge: Dodged            |    72 |   184 |   295 |   343 |    63 ||   957
